Map: [ESL] Inside and Out

Players

trigger - Winner!

  • Race: Protoss Protoss
  • Spawn Location: 1:00

Bioice

  • Race: Zerg Zerg
  • Spawn Location: 7:00

Event: DreamHack SC2 Masters 2022 Atlanta (Online)

VOD

Have the link to the VOD?

Description

Time

  • Played on: Oct. 7, 2022, 4:10 p.m.
  • Length: 11:22

All games in this series

Show
View Real Time Build Order
Export as new Build Order

trigger Protoss - Winner!

Build Orders: 1 Gate Expand, Oracle Opening 

Get SALT Encoding   

  12  0:00  Probe  
  13  0:12  Probe  
  14  0:19  Pylon  
  14  0:24  Probe (Chrono Boost)  
  15  0:38  Probe (Chrono Boost), Gateway  
  16  0:45  Probe (Chrono Boost)  
  16  0:47  Assimilator  
  17  0:52  Probe  
  19  1:04  Probe  
  19  1:16  Probe  
  20  1:23  Nexus  
  20  1:29  Probe  
  21  1:36  Cybernetics Core  
  21  1:42  Assimilator  
  21  1:45  Probe  
  22  1:52  Pylon  
  22  1:57  Probe  
  23  2:10  Adept (Chrono Boost), Probe (Chrono Boost)  
  26  2:15  Stargate  
  27  2:22  Probe (Chrono Boost)  
  27  2:26  Warp Gate  
  27  2:31  Probe (Chrono Boost)  
  27  2:35  Adept  
  27  2:37  Probe (Chrono Boost)  
  31  2:43  Probe (Chrono Boost)  
  32  2:46  Probe (Chrono Boost)  
  32  2:49  Pylon  
  32  2:50  Probe (Chrono Boost)  
  34  2:56  Probe  
  35  2:58  Oracle (Chrono Boost)  
  35  3:04  Gateway  
  35  3:05  Probe  
  39  3:09  Probe  
  40  3:15  Adept  
  40  3:17  Probe  
  41  3:21  Probe  
  41  3:23  Pylon  
  42  3:29  Probe  
  42  3:30  Oracle (Chrono Boost)  
  46  3:41  Probe x2  
  48  3:53  Probe  
  48  3:55  Probe  
  49  3:56  Oracle (Chrono Boost)  
  52  4:05  Probe  
  52  4:07  Probe  
  53  4:17  Probe  
  53  4:22  Nexus  
  53  4:24  Pylon  
  54  4:26  Twilight Council  
  54  4:27  Pylon  
  54  4:29  Pylon  
  54  4:33  Forge  
  54  4:37  Assimilator  
  54  4:39  Assimilator  
  54  4:42  Probe x2  
  54  4:43  Shield Battery  
  56  4:47  Adept x2  
  60  4:54  Probe (Chrono Boost)  
  60  4:55  Gateway x2  
  60  4:58  Shield Battery  
  62  5:00  Probe (Chrono Boost)  
  62  5:02  Pylon  
  62  5:03  Probe (Chrono Boost)  
  64  5:07  Probe (Chrono Boost)  
  64  5:08  Probe (Chrono Boost)  
  64  5:10  Protoss Ground Weapons Level 1 (Chrono Boost)  
  65  5:14  Stalker x2  
  65  5:18  Probe  
  65  5:20  Probe  
  69  5:26  Blink (Chrono Boost)  
  69  5:34  Probe x2 (Chrono Boost)  
  72  5:37  Sentry x2, Probe (Chrono Boost)  
  78  5:43  Probe (Chrono Boost)  
  78  5:45  Probe (Chrono Boost)  
  78  5:47  Probe (Chrono Boost)  
  78  5:49  Probe (Chrono Boost)  
  82  5:57  Probe (Chrono Boost)  
  82  6:00  Probe (Chrono Boost)  
  82  6:01  Probe (Chrono Boost)  
  82  6:02  Sentry x2, Assimilator  
  84  6:06  Robotics Facility, Assimilator  
  84  6:10  Probe (Chrono Boost)  
  84  6:11  Probe (Chrono Boost), Gateway  
  87  6:12  Probe (Chrono Boost), Gateway  
  87  6:15  Probe (Chrono Boost)  
  87  6:16  Stalker  
  87  6:17  Stalker  
  92  6:19  Probe  
  92  6:24  Pylon  
  92  6:25  Probe  
  94  6:26  Sentry  
  94  6:30  Probe  
  94  6:31  Stalker  
  99  6:33  Probe  
  99  6:38  Gateway  
  99  6:40  Stalker  
  99  6:46  Stalker  
  101  6:50  Photon Cannon, Stalker  
  101  6:52  Robotics Bay  
  101  6:54  Observer (Chrono Boost)  
  104  6:55  Probe x2  
  104  6:58  Robotics Facility  
  104  7:00  Photon Cannon  
  106  7:06  Pylon  
  106  7:07  Protoss Ground Weapons Level 2 (Chrono Boost)  
  106  7:08  Pylon  
  106  7:11  Warp Prism (Chrono Boost)  
  108  7:21  Pylon  
  108  7:34  Stalker x4  
  108  7:35  Stalker  
  118  7:39  Pylon  
  118  7:41  Extended Thermal Lance  
  118  7:42  Colossus (Chrono Boost)  
  118  7:43  Pylon  
  124  7:55  Nexus  
  124  7:58  Colossus (Chrono Boost)  
  130  8:01  Pylon  
  130  8:03  Photon Cannon  
  130  8:04  Shield Battery  
  130  8:05  Sentry  
  132  8:20  Colossus (Chrono Boost)  
  132  8:25  Pylon  
  138  8:31  Sentry  
  140  8:38  Stalker x2  
  140  8:39  Colossus (Chrono Boost)  
  150  8:43  Pylon  
  150  8:45  Pylon  
  150  8:48  Gateway  
  150  9:07  Probe  
  150  9:08  Colossus (Chrono Boost), Probe  
  158  9:13  Stalker x6  
  158  9:15  Stalker  
  172  9:24  Gateway  
  172  9:25  Gateway  
  172  9:28  Charge  
  172  9:32  Photon Cannon  
  172  9:38  Stalker x6  
  184  9:47  Stalker  
  166  10:04  Stalker x5  
  128  10:09  Stalker x2  
  126  10:18  Stalker  
  126  10:20  Stalker x2  
  122  10:30  Stalker x3  
  122  10:33  Zealot x4  
  127  10:47  Stalker x3  
  127  10:58  Stalker x6  
  127  11:02  Nexus  
  125  11:17  Stalker x2  
  125  11:18  Stalker x2, Pylon  
Show
View Real Time Build Order
Export as new Build Order

Bioice Zerg 

Build Orders: Hatch First 

Get SALT Encoding   

  12  0:00  Drone  
  13  0:12  Overlord  
  13  0:17  Drone  
  14  0:31  Drone x2  
  16  0:48  Hatchery  
  15  0:51  Drone  
  15  0:55  Drone  
  17  0:57  Drone  
  18  1:06  Extractor  
  17  1:13  Spawning Pool  
  17  1:18  Drone  
  17  1:23  Drone  
  18  1:28  Drone  
  19  1:39  Drone  
  20  1:50  Drone  
  21  2:01  Queen x2, Drone  
  23  2:02  Overlord  
  26  2:12  Drone x2  
  28  2:17  Metabolic Boost  
  28  2:22  Drone x2  
  30  2:34  Drone  
  30  2:35  Drone  
  32  2:46  Queen, Hatchery  
  33  2:51  Overlord  
  33  2:53  Zergling x2  
  33  2:56  Zergling x2  
  33  2:57  Zergling x2  
  35  3:06  Overlord  
  35  3:09  Queen  
  35  3:12  Spore Crawler  
  35  3:18  Drone  
  35  3:19  Drone x4  
  41  3:23  Spore Crawler  
  40  3:29  Drone  
  40  3:31  Queen  
  43  3:36  Drone x2  
  45  3:42  Overlord, Evolution Chamber  
  45  3:45  Drone  
  45  3:50  Drone  
  45  3:52  Drone x3  
  46  3:58  Drone x2  
  46  4:02  Drone x2  
  49  4:07  Spore Crawler  
  48  4:11  Drone x2  
  48  4:16  Zergling x6  
  52  4:20  Zergling x2  
  52  4:21  Zergling x2  
  52  4:24  Zerg Melee Weapons Level 1  
  52  4:27  Zergling x4  
  52  4:29  Zergling x2  
  52  4:30  Zergling x2  
  56  4:36  Drone x2  
  56  4:37  Drone  
  59  4:40  Spore Crawler  
  59  4:42  Drone  
  59  4:43  Drone  
  59  4:45  Drone x2  
  62  4:49  Overlord  
  62  4:52  Drone x2  
  64  4:55  Drone x2  
  66  5:02  Overlord x2  
  62  5:16  Hatchery  
  62  5:19  Drone x6  
  64  5:22  Drone x2  
  64  5:23  Drone  
  64  5:25  Drone x2  
  64  5:27  Drone  
  64  5:28  Drone  
  71  5:29  Drone  
  71  5:31  Drone  
  71  5:35  Queen  
  75  5:37  Overlord  
  75  5:42  Zergling x2  
  76  5:44  Extractor  
  76  5:45  Zergling x4, Roach Warren  
  76  5:56  Zergling x14  
  75  6:02  Drone x5  
  77  6:05  Zergling x6  
  77  6:10  Lair  
  80  6:14  Zergling x4  
  80  6:18  Zerg Missile Weapons Level 1  
  82  6:20  Overlord  
  82  6:30  Overlord  
  82  6:32  Drone x10  
  90  6:42  Drone x4  
  90  6:44  Drone x3  
  96  6:50  Queen  
  96  6:53  Drone x3  
  101  6:55  Spore Crawler  
  101  6:56  Overlord  
  100  7:02  Overlord  
  100  7:04  Overlord  
  100  7:05  Overlord x2  
  100  7:08  Extractor  
  100  7:10  Extractor  
  98  7:16  Roach x3  
  98  7:19  Extractor  
  98  7:21  Roach  
  105  7:28  Roach x8  
  120  7:36  Roach  
  120  7:37  Roach x3  
  128  7:38  Extractor  
  128  7:39  Overlord  
  128  7:43  Roach  
  129  7:47  Ravager  
  129  7:48  Ravager  
  131  7:51  Roach  
  131  7:52  Roach  
  131  7:55  Roach x3  
  131  7:56  Overlord  
  131  7:57  Overlord x3  
  141  8:01  Roach  
  141  8:04  Drone x2  
  145  8:10  Roach  
  147  8:15  Roach  
  147  8:16  Roach  
  147  8:19  Overlord  
  150  8:20  Zerg Missile Weapons Level 2  
  150  8:23  Glial Reconstitution  
  150  8:27  Drone x3  
  150  8:28  Drone  
  150  8:30  Drone  
  150  8:31  Drone x15  
  150  8:32  Extractor x2  
  168  8:35  Ravager x2  
  168  8:39  Infestation Pit  
  168  8:41  Zergling x8  
  172  8:44  Zergling x4  
  172  8:45  Ravager  
  176  8:49  Ravager  
  177  8:57  Hydralisk Den  
  177  9:00  Zergling x20  
  177  9:02  Overlord  
  186  9:17  Hive  
  186  9:18  Ravager  
  186  9:19  Hatchery, Ravager x4  
  190  9:32  Zergling x2  
  190  9:33  Zergling x16  
  190  9:34  Lurker Den  
  196  9:46  Zergling x6  
  188  9:59  Roach x11  
  170  10:04  Roach x5  
  170  10:05  Roach x4  
  166  10:13  Roach x2  
  148  10:15  Roach x3  
  148  10:17  Roach x3  
  148  10:20  Roach x2  
  148  10:21  Queen x2  
  144  10:24  Roach  
  144  10:25  Roach  
  144  10:26  Ravager x4  
  154  10:31  Roach x2  
  153  10:39  Roach  
  133  10:44  Roach  
  133  10:45  Roach x4  
  133  10:46  Zergling x10  
  133  10:49  Roach x2  
  140  10:51  Roach x2  
  140  10:54  Roach x3  
Tags
 
Add a new tag
Caveats
  • Supply blocks, unpowered buildings, or Contaminate may cause inaccurate times.
  • Supply counts are checked every 10 seconds.